 Dungeon Crawl Stone Soup version 0.25.0-9-g26727b657a (webtiles) character file.

Game seed: 14184275282999268032

2156 HoaS the Cruncher (level 9, -2/59 HPs)
             Began as a Gargoyle Gladiator on June 19, 2020.
             Was a Believer of Trog (penitent).
             Slain by a polar bear (13 damage)
             ... created by the rage of Trog
             ... on level 6 of the Dungeon.
             The game lasted 00:16:09 (6174 turns).

HoaS the Cruncher (Gargoyle Gladiator)              Turns: 6174, Time: 00:16:10

Health: -2/59      AC: 19    Str: 21    XL:     9   Next: 31%
Magic:  9/9        EV:  6    Int:  9    God:    Trog [*]
Gold:   283        SH:  5    Dex: 11    Spells: 4/8 levels left

rFire    + . .     SeeInvis .   a - +1 quarterstaff
rCold    + . .     Gourm    .   (shield currently unavailable)
rNeg     + . .     Faith    .   m - +0 plate armour
rPois    ∞         Spirit   .   c - +2 helmet
rElec    +         Reflect  +   p - scarf {rC+ rF+}
rCorr    .         Harm     .   (no gloves)
MR       .....                  (no boots)
Stlth    ..........             h - amulet of reflection
HPRegen  0.19/turn              (no ring)
MPRegen  0.11/turn              (no ring)

@: no status effects
A: negative energy resistance 1, electricity resistance, unbreathing,
petrification resistance, rot immunity, AC +6
a: Renounce Religion


You were on level 6 of the Dungeon.
You worshipped Trog.
Trog was demanding penance.
You were not hungry.

You visited 1 branch of the dungeon, and saw 7 of its levels.

You collected 283 gold pieces.

Inventory:

Hand Weapons
 a - a +1 quarterstaff (weapon)
Missiles
 d - 2 throwing nets (quivered)
 l - 26 poisoned darts
 o - 7 javelins
 z - 2 boomerangs
Armour
 c - a +2 helmet (worn)
 m - a +0 plate armour (worn)
 p - a scarf of resistance (worn)
 r - a +0 tower shield
Jewellery
 h - an amulet of reflection (around neck)
Wands
 b - a wand of flame (11)
 s - a wand of paralysis (11)
 B - a wand of acid (6)
Scrolls
 n - 2 scrolls of teleportation
 q - a scroll of identify
 x - 4 scrolls of remove curse
Potions
 e - a potion of stabbing {unknown}
 g - a potion of flight {unknown}
 i - 5 potions of curing
 j - 3 potions of mutation {unknown}
 v - a potion of magic {unknown}
 w - a potion of lignification {unknown}
Comestibles
 f - 12 rations
 k - 7 chunks of flesh


   Skills:
 + Level 7.9 Fighting
 * Level 10.3 Staves
 - Level 1.7 Throwing
 - Level 2.4 Dodging


You had 4 spell levels left.
You knew the following spells:

 Your Spells              Type           Power        Failure   Level  Hunger
a - Leda's Liquefaction   Hex/Erth       #.........   100%        4    #####..

Your spell library contained the following spells:

 Spells                   Type           Power        Failure   Level  Hunger
 Corona                   Hex            #......      100%        1    ##.....
 Slow                     Hex            #.......     100%        2    ###....
 Inner Flame              Hex/Fire       #.......     100%        3    ####...
 Portal Projectile        Hex/Tloc       #.....       100%        3    ####...
 Cause Fear               Hex            #.........   100%        4    #####..


Dungeon Overview and Level Annotations

Branches:
Dungeon (7/15)             Temple (0/1) D:6

Altars:
Ashenzari
Fedhas
Nemelex Xobeh
Trog


Innate Abilities, Weirdness & Mutations

You are resistant to torment.
Your stone body is resilient. (AC +6)
You are immune to poison.
You resist negative energy. (rN+)
You are resistant to electric shocks. (rElec)
You can survive without breathing.
You are immune to petrification.
You are immune to rotting.


Message History

* * * LOW HITPOINT WARNING * * *
The polar bear claws you.
* * * LOW HITPOINT WARNING * * *
The polar bear claws you but does no damage.
The black bear bites you but does no damage.
You block the black bear's attack.
The black bear claws you but does no damage.
You hit the ogre.
The ogre is almost dead.
The polar bear bites you but does no damage.
The polar bear barely misses you.
The polar bear claws you but does no damage.
The polar bear bites you but does no damage.
The polar bear claws you but does no damage.
The polar bear barely misses you.
The black bear bites you but does no damage.
The black bear claws you but does no damage.
You block the black bear's attack. The ogre barely misses you.
The polar bear bites you!
You die...

###.........###..>..#
.<..# #...........#
##..#####.....#.....#
##..)...............#
..............##..###
.##..####....###..#
.##..# #.#.## #h.#
.##..# #.#.# #Oh#
.##..####.#.# #@.#
............# #hh#
..##.######## #..#
..##.# #..# ..##.#
#..# .....# #..#
..#### #..# ..# ...#
..#


You could see 3 polar bears, a black bear (berserk) and an ogre (berserk).

Vanquished Creatures
  Pikel (D:7)
  The ghost of protoss039 the Magician, a novice DrAE of Vehumet (D:5)
  2 ogres
  An ice beast (D:5)
  A phantom (D:6)
  4 centaurs
  A scorpion (D:5)
  3 killer bees (D:7)
  A howler monkey (D:4)
  A hound (D:4)
  Crazy Yiuf (D:2)
  3 orc priests
  4 worker ants
  A mummy (D:4)
  A gnoll (D:2)
  11 adders
  An ooze (D:1)
  An adder zombie (D:5)
  3 worms
  2 dart slugs
  5 leopard geckos
  18 orcs
  7 bats
  5 giant cockroaches
  12 goblins
  11 hobgoblins
  13 jackals
  6 kobolds
  2 quokkas
  2 ball pythons
  7 frilled lizards
  2 hobgoblin zombies (D:4)
  2 kobold zombies (D:4)
  2 quokka skeletons
  10 rats
148 creatures vanquished.

Vanquished Creatures (others)
  An ice beast (D:7)
  2 slaves (D:7)
  A crimson imp (D:7)
  A quokka (D:7)
5 creatures vanquished.

Grand Total: 153 creatures vanquished

Notes
Turn   | Place    | Note
-------+----------+-------------------------------------------
     0 | D:1      | HoaS the Gargoyle Gladiator began the quest for the Orb.
     0 | D:1      | Reached XP level 1. HP: 12/12 MP: 1/1
    82 | D:1      | Reached XP level 2. HP: 14/18 MP: 2/2
   598 | D:1      | Reached XP level 3. HP: 22/22 MP: 3/3
   835 | D:1      | Reached skill level 4 in Staves
  1499 | D:2      | Reached XP level 4. HP: 27/28 MP: 4/4
  2211 | D:2      | Reached XP level 5. HP: 32/32 MP: 5/5
  2280 | D:2      | Found a bloodstained altar of Trog.
  2331 | D:2      | Reached skill level 5 in Staves
  2372 | D:2      | Became a worshipper of Trog the Wrathful
  2438 | D:2      | Found a runed translucent door.
  2439 | D:2      | Noticed Crazy Yiuf
  2958 | D:2      | Killed Crazy Yiuf
  3259 | D:3      | Reached XP level 6. HP: 37/38 MP: 6/6
  3501 | D:3      | Reached * piety under Trog
  4066 | D:4      | Reached skill level 6 in Staves
  4271 | D:4      | Found a blossoming altar of Fedhas.
  4582 | D:4      | Reached XP level 7. HP: 44/44 MP: 7/7
  4910 | D:5      | Entered Level 5 of the Dungeon
  4913 | D:5      | Found a runed translucent door.
  4913 | D:5      | Noticed protoss039's ghost (novice DrAE)
  4952 | D:5      | Reached skill level 5 in Fighting
  4956 | D:5      | Reached ** piety under Trog
  5175 | D:5      | Reached skill level 7 in Staves
  5222 | D:5      | Found a shattered altar of Ashenzari.
  5239 | D:5      | You fall into a shaft and drop 2 floors!
  5243 | D:7      | Noticed Pikel
  5275 | D:7      | Killed Pikel
  5275 | D:7      | Reached skill level 8 in Staves
  5275 | D:7      | Reached XP level 8. HP: 42/52 MP: 8/8
  5395 | D:7      | Reached skill level 9 in Staves
  5702 | D:6      | Found a staircase to the Ecumenical Temple.
  5749 | D:5      | Found a sparkling altar of Nemelex Xobeh.
  5980 | D:5      | Reached XP level 9. HP: 53/57 MP: 9/9
  6078 | D:5      | Killed protoss039's ghost
  6078 | D:5      | Reached skill level 10 in Staves
  6085 | D:5      | Was placed under penance by Trog
  6090 | D:5      | Learned a level 4 spell: Leda's Liquefaction
  6168 | D:6      | Noticed a polar bear
  6168 | D:6      | Noticed a polar bear
  6168 | D:6      | Noticed a polar bear
  6174 | D:6      | Slain by a polar bear

Illustrated notes

Levels and vault maps discovered:
D:1:      lightli_arrival_farm, layout_loops_corners
D:2:      layout_basic, marbit_many_paths, minmay_misc_feat_roman,
          corexii_item_surrounded_by_moat, cheibrodos_gnoll_hut,
          uniq_crazy_yiuf_cottage
D:3:      minmay_door_path, layout_basic
D:4:      layout_basic, kennysheep_mini_moat, first_ration, serial_corexii_hall,
          chequers_hall_statues_wall_a, corexii_hall_statues_deadend,
          chequers_hall_statues_y, chequers_hall_statues_corner_a,
          serial_bayou_ford_a, minmay_mini_ossuary
D:5:      layout_cave_pools, kennysheep_little_box,
          nicolae_overflow_crystal_walls, hellmonk_ghost_happy_afterlife
D:6:      layout_loops_ring, temple_statues, kb_xom_exploding_sheep
D:7:      layout_loops_cross, zin_treasury, okawaru_metal_pillars_3,
          uniq_maggie, uniq_pikel

Skill      XL: |  1  2  3  4  5  6  7  8  9 |
---------------+----------------------------+-----
Staves         | 4 5 6 8 9 10 | 10.3
Fighting       | 3 4 6 7 |  7.9
Throwing       | |  1.7
Dodging        | |  2.4

Action                   |  1- 3 |  4- 6 |  7- 9 || total
-------------------------+-------+-------+-------++-------
Melee: Quarterstaff      |   124 |   303 |   211 ||   638
Throw: Throwing net      |       |       |     1 ||     1
  Use: Scroll            |     2 |     7 |     7 ||    16
  Eat: Chunk             |     2 |    10 |     6 ||    18
Armor: Leather armour    |    64 |     1 |       ||    65
       Ring mail         |       |    57 |       ||    57
       Plate armour      |       |   114 |   157 ||   271
Dodge: Dodged            |    74 |   124 |    68 ||   266
Block: Other             |       |    41 |    56 ||    97
       Reflection        |       |     1 |     5 ||     6
